 Dungeon Crawl Stone Soup version 0.28-a0-1033-g1a2f33fa85 (webtiles) character file.

Game seed: 4698451772060886558

19 ytrimaz the Shield-Bearer (level 2, 24/24 HPs)
             Began as a Formicid Fighter on Dec 7, 2021.
             Was a Follower of Vehumet.
             Quit the game on level 1 of the Dungeon.
             The game lasted 00:00:50 (866 turns).

ytrimaz the Shield-Bearer (Formicid Fighter)         Turns: 866, Time: 00:00:51

Health: 24/24      AC:  6    Str: 20    XL:     2   Next: 95%
Magic:  2/2        EV:  9    Int:  7    God:    Vehumet [*.....]
Gold:   39         SH:  4    Dex: 10    Spells: 1/1 levels left

rFire   . . .      SeeInvis +   a - +0 war axe
rCold   . . .      Faith    .   c - +0 buckler
rNeg    . . .      Spirit   .   b - +0 scale mail
rPois   .          Reflect  .   (helmet unavailable)
rElec   .          Harm     .   (no cloak)
rCorr   .          Rampage  .   (no gloves)
Will    .....                   (no boots)
Stlth   ..........              (no amulet)
HPRegen 0.08/turn               (no ring)
MPRegen 0.08/turn               (no ring)

@: no status effects
A: permanent stasis, dig shafts and tunnels, antennae 3, four strong arms
a: Dig, Shaft Self, Renounce Religion


You were on level 1 of the Dungeon.
You worshipped Vehumet.
Vehumet was aware of your devotion.
You visited 1 branch of the dungeon, and saw 1 of its levels.

You collected 39 gold pieces.

Inventory:

Hand Weapons
 a - a +0 war axe (weapon)
Armour
 b - a +0 scale mail (worn)
 c - a +0 buckler (worn)
Potions
 d - a potion of might
 e - a potion of invisibility {unknown}
 f - a potion of brilliance {unknown}
 g - 2 potions of ambrosia {unknown}


   Skills:
 + Level 3.5 Fighting
 * Level 2.7 Axes
 + Level 3.6 Armour
 - Level 3.6 Shields


You had one spell level left.
You didn't know any spells.
Your spell library was empty.

Dungeon Overview and Level Annotations

Branches:
Dungeon (1/15)

Altars:
Vehumet


Innate Abilities, Weirdness & Mutations

You cannot be hasted, slowed, berserked, paralysed or teleported.
You can dig through walls and to a lower floor.
You have a pair of large antennae on your head. (SInv)
Your four strong arms can wield two-handed weapons with a shield.


Message History

g - 2 white potions (gained 1)
Found 18 stones.
You see here 18 stones.
Found a faded altar of an unknown god.
You enter the shallow water.
Moving in this stuff is going to be slow.
An endoplasm comes into view.
Found a scale mail.
The endoplasm quivers.
An endoplasm is nearby!
An endoplasm is nearby!
No reachable target in view!
Why would you want to do that? Why would you want to do that?
Why would you want to do that?
Unknown command.
The endoplasm closely misses you.
You hit the endoplasm.
The endoplasm is moderately wounded.
The endoplasm barely misses you. The endoplasm completely misses you.
You slash the endoplasm!
You kill the endoplasm!
No target in view!
No target in view!
You enter the shallow water.
Moving in this stuff is going to be slow.
You see here a +0 scale mail.
You open the door.
There is an open door here.
There is a faded altar of an unknown god here.
You cannot tell which god this altar belongs to.
Convert to them anyway?
Vehumet accepts your prayer! Vehumet welcomes you!
You can now gain magical power from killing.
Vehumet offers you knowledge of Magic Dart.
h - a scroll labelled ARPHOD RIOL
As you read the scroll labelled ARPHOD RIOL, it crumbles to dust.
You feel aware of your surroundings.
It was a scroll of magic mapping.
Unknown command.
Are you sure you want to abandon this character and quit the game? (Confirm with "yes".)

..,,,,*
#.##.##.#####
#.**#.###.##.##.#
#,*
#........##.##
#,*
#####.###≈≈≈≈####
#.#
#...≈≈≈≈≈≈≈≈#*
..#
#.#≈≈≈≈≈≈≈≈≈≈*
###
#.≈≈≈≈≈≈≈≈≈≈≈*#
####
#...≈#####≈≈≈≈#
...#
###[≈#..@#≈≈≈≈#
##.#
#..'._.#≈≈≈≈#
##.#
####...#≈≈≈≈#
##.#
**≈*#####≈≈≈##
##.#
*≈≈≈≈≈≈≈≈≈≈≈#
...#
**≈≈≈≈≈≈≈≈≈##
#### *≈≈≈≈≈≈≈≈≈#
# **#≈≈≈≈#### #
######


There were no monsters in sight!

Vanquished Creatures
  2 bats (D:1)
  4 endoplasms (D:1)
  A giant cockroach (D:1)
  3 goblins (D:1)
  A hobgoblin (D:1)
  A quokka (D:1)
  A frilled lizard (D:1)
  A kobold (D:1)
  2 rats (D:1)
16 creatures vanquished.

Notes
Turn   | Place    | Note
-------+----------+-------------------------------------------
     0 | D:1      | ytrimaz the Formicid Fighter began the quest for the Orb.
     0 | D:1      | Reached XP level 1. HP: 18/18 MP: 1/1
   347 | D:1      | Reached XP level 2. HP: 23/24 MP: 2/2
   843 | D:1      | Found a faded altar of an unknown god.
   862 | D:1      | Prayed at the altar of an unknown god.
   862 | D:1      | Became a worshipper of Vehumet
   862 | D:1      | Reached * piety under Vehumet
   862 | D:1      | Offered knowledge of Magic Dart by Vehumet.
   866 | D:1      | Quit the game

Illustrated notes

Levels and vault maps discovered:
D:1:      wander_arrival_estate, layout_loops_cross,
          nicolae_ecumenical_lake_church

Action                   || total
-------------------------++-------
Melee: War axe           ||    50
  Use: Scroll            ||     2
Armor: Scale mail        ||    32
Dodge: Dodged            ||    21
Block: Buckler           ||    16

Table legend: (Time is in decaauts)
 A = Elapsed time spent in this place.
 B = Non-inter-level travel time spent in this place.
 C = Inter-level travel time spent in this place.
 D = Time resting spent in this place.
 E = Time spent auto-exploring this place.
 F = Levels seen in this place.
 G = Mean time per level.
                   A        B        C        D        E       F      G
               +--------+--------+--------+--------+--------+-----+--------+
         Total |    886 |    886 |      0 |      0 |    719 |   1 |  886.0 |
       Dungeon |    886 |    886 |      0 |      0 |    719 |   1 |  886.0 |
               +--------+--------+--------+--------+--------+-----+--------+

Top non-repeatable levels by time:
     D:1: 886 daAuts
